 Dungeon Sprint DCSS version 0.17-a0-1450-g7e755d1 (console) character file.

1307 sinusoidal the Fencer (level 8, -3/61 HPs)
             Began as a Human Berserker on June 30, 2015.
             Was a Priest of Trog.
             Slain by a centaur warrior (12 damage)
             ... in the Dungeon (Sprint I: "Red Sonja").
             The game lasted 00:17:06 (731 turns).

sinusoidal the Fencer (Human Berserker)              Turns: 731, Time: 00:17:06

Health: -3/61      AC:  9    Str: 18    XL:     8   Next: 88%
Magic:  8/8        EV: 14    Int:  8    God:    Trog [***...]
Gold:   102        SH:  0    Dex: 14    Spells: 0 memorised, 7 levels left

rFire  . . .     SeeInvis .     a - +0 falchion
rCold  + . .     Clarity  .     c - +3 ring mail {rC+}
rNeg   . . .     SustAt   .     (no shield)
rPois  .         Gourm    .     (no helmet)
rElec  .         Spirit   .     (no cloak)
rCorr  .         Warding  .     (no gloves)
rMut   .         NoTele   +     (no boots)
MR     ++...                    (no amulet)
Stlth  +.........               (no ring)
                                (no ring)

@: very slightly contaminated, regenerating, very resistant to hostile
enchantments, very unstealthy
A: no striking features
a: Burn Spellbooks, Berserk, Trog's Hand, Renounce Religion


You were in the Dungeon.
You worshipped Trog.
Trog was most pleased with you.
You were not hungry.

You visited 1 branch You collected 414 gold pieces.
You spent 312 gold pieces at shops.

Inventory:

Hand weapons
 a - a +0 falchion (weapon)
Armour
 c - a +3 ring mail of cold resistance (worn)
Potions
 g - 2 potions of magic


   Skills:
 - Level 4.4 Fighting
 - Level 15.1 Long Blades
 + Level 6.7 Armour
 + Level 7.0 Dodging


You had 7 spell levels left.
You didn't know any spells.

Dungeon Overview and Level Annotations

Branches:
Dungeon (1/1)

Altars:
Cheibriados
Dithmenos
Elyvilon
Fedhas
Gozag
Kikubaaqudgha
Makhleb
Nemelex Xobeh
Okawaru
Qazlal
Ru
Sif Muna
Trog
Vehumet
Xom
Yredelemnul
Zin
The Shining One
Jiyva

Shops:
D [


Message History

You barely miss the centaur warrior.
The centaur warrior is moderately wounded.
The centaur warrior hits you!
* * * LOW HITPOINT WARNING * * *
You barely miss the centaur warrior.
The centaur warrior is moderately wounded.
You completely miss the centaur warrior.
The centaur warrior is moderately wounded.
The centaur warrior hits you!
* * * LOW HITPOINT WARNING * * *
Use which ability? (? or * to list)
Okay, then.
You hit the centaur warrior.
The centaur warrior is moderately wounded.
The centaur warrior hits you but does no damage.
You barely miss the centaur warrior.
The centaur warrior is moderately wounded.
You feel less exhausted. The centaur warrior hits you!
You die...

###################
#<.#..').#..c..#__#
#..c).#..'c.#..'..'
#.@#####+#####)#__#
#.(####..#...#.####
#..#__####..##§#§§§
#..#_..__##'#.§§≈§≈
#⌠⌠#_.∩...'..._#≈§§
####_..._##_.#+##+#
#_____###+# #######


You could see a centaur warrior.

Vanquished Creatures
  A centaur warrior (D)
  A slime creature (D)
  A yak (D)
  Sigmund (D)
  An ogre (D)
  A jelly (D)
  Ijyb (D)
7 creatures vanquished.

Notes
Turn   | Place    | Note
--------------------------------------------------------------
     0 | D        | sinusoidal the Human Berserker began the quest for the Orb.
     0 | D        | Reached XP level 1. HP: 18/18 MP: 1/1
     2 | D        | Noticed Ijyb
     9 | D        | Killed Ijyb
     9 | D        | Reached skill level 6 in Long Blades
     9 | D        | Reached XP level 2. HP: 24/24 MP: 2/2
     9 | D        | Reached XP level 3. HP: 29/29 MP: 3/3
    52 | D        | Noticed an ogre
    59 | D        | Killed an ogre
    59 | D        | Acquired Trog's second power
    59 | D        | Reached skill level 9 in Long Blades
    59 | D        | Reached XP level 4. HP: 35/35 MP: 4/4
    59 | D        | Reached XP level 5. HP: 41/41 MP: 5/5
   155 | D        | Noticed Sigmund
   161 | D        | Killed Sigmund
   161 | D        | Reached skill level 10 in Long Blades
   161 | D        | Reached XP level 6. HP: 47/47 MP: 6/6
   236 | D        | Found a deep blue altar of Sif Muna.
   237 | D        | Noticed a jelly
   238 | D        | Found a radiant altar of Vehumet.
   241 | D        | Killed a jelly
   286 | D        | Found Meul Xiv's Armour Emporium.
   286 | D        | Found a white marble altar of Elyvilon.
   286 | D        | Found a stormy altar of Qazlal.
   286 | D        | Found a basalt altar of Yredelemnul.
   286 | D        | Found an iron altar of Okawaru.
   286 | D        | Found a sparkling altar of Nemelex Xobeh.
   286 | D        | Found a shimmering altar of Xom.
   286 | D        | Found an ancient bone altar of Kikubaaqudgha.
   286 | D        | Noticed a yak
   287 | D        | Found a burning altar of Makhleb.
   287 | D        | Found a sacrificial altar of Ru.
   287 | D        | Found a glowing golden altar of the Shining One.
   287 | D        | Found an opulent altar of Gozag.
   287 | D        | Found a glowing silver altar of Zin.
   301 | D        | Killed a yak
   301 | D        | Reached skill level 12 in Long Blades
   301 | D        | Reached XP level 7. HP: 47/55 MP: 7/7
   302 | D        | Found a bloodstained altar of Trog.
   415 | D        | Found a snail-covered altar of Cheibriados.
   415 | D        | Found a viscous altar of Jiyva.
   415 | D        | Found a shadowy altar of Dithmenos.
   415 | D        | Found a blossoming altar of Fedhas.
   415 | D        | Noticed a slime creature
   437 | D        | Killed a slime creature
   631 | D        | Bought a +3 ring mail of cold resistance for 312 gold pieces
   651 | D        | Noticed a centaur warrior
   665 | D        | Noticed a centaur warrior
   685 | D        | Killed a centaur warrior
   685 | D        | Reached skill level 15 in Long Blades
   685 | D        | Reached XP level 8. HP: 17/61 MP: 8/8
   731 | D        | Slain by a centaur warrior

Vault maps used:
D:        dungeon_sprint_1

Action                   |  1- 3 |  4- 6 |  7- 9 || total
-------------------------+-------+-------+-------++-------
Melee: Falchion          |    11 |    18 |    47 ||    76
Invok: Berserk           |     1 |     2 |     1 ||     4
       Trog's Hand       |       |       |     2 ||     2
  Use: Potion            |     1 |       |     2 ||     3
       Scroll            |       |       |     2 ||     2
 Stab: Sleeping          |       |     1 |       ||     1
  Eat: Bread ration      |       |       |     1 ||     1
       Chunk             |       |       |     1 ||     1
